Unix NetHack Version 5.0.0-0 post-release - last build May  4 2026 22:22:43 (774f63e81ad911689b3a0859ea89b322d5daca8d,branch:main).

Game began 2026-05-09 06:20:41, ended 2026-05-09 08:46:18.

2461479678, chaotic female human Valkyrie

                                                   -------
                                                   |.....|
                                                    .....|
                                                   |.....
                                                   |...
                                                   |.%
                                                    .
                                                ###S@e
                                                ####d
                                              ####
                                               ##
                                               #
                                            ---.---------
                                            |.....<?....|
                      |                     |...........|
                      |............         ............|
                      ------------          |...........|
                                            -------------

2461479678 the Fighter      St:18 Dx:9 Co:18 In:10 Wi:8 Ch:10  Chaotic
Dlvl:9  $:3  HP:0(61) Pw:13(13) AC:2  Xp:6 T:4743  Hungry  

Latest messages:
 The dog picks up an unlabeled scroll.
 The dog drops an unlabeled scroll.
 The dog picks up an unlabeled scroll.
 The dog drops an unlabeled scroll.
 You flounder.
 You make a lot of noise!
 You slip and nearly fall.
 You make a lot of noise!
 You are beginning to feel hungry.
 You hit the floating eye!
 You are frozen by the floating eye's gaze!
 You hear a nearby zap.
 The dog misses the leprechaun.
 The leprechaun hits!
 Your purse feels lighter.
 The leprechaun vanishes and reappears close by.
 The dog misses it.
 The leprechaun picks up 3 gold pieces.
 The dog bites it.
 The dog misses it.
 The dog bites it.
 You detect an odor reminiscent of a stable.
 The dog bites it.
 The dog bites the grid bug.
 The grid bug misses the dog.
 The dog bites the grid bug.
 The grid bug is killed!
 The dog bites it.
 The dog misses the floating eye.
 The dog bites the floating eye.
 The dog is frozen by the floating eye's gaze!
 The cobra bites!
 The cobra bites!
 The cobra bites!
 The cobra bites!
 The cobra bites!
 The cobra bites!
 The cobra bites!
 The cobra bites!
 The cobra bites!
 The cobra bites!
 The cobra's bite was poisoned!
 The poison doesn't seem to affect you.
 The cobra bites!
 You die...
 Do you want your possessions identified? [ynq] (y) n
 Do you want to see your attributes? [ynq] (y) n
 Do you want an account of creatures vanquished? [ynaq] (y) n
 Do you want to see your conduct and achievements? [ynq] (y) n
 Do you want to see the dungeon overview? [ynq] (y) n

Inventory:
 Coins    ('$')
  $ - 3 gold pieces
 Weapons  (')')
  b - a +0 dagger (alternate weapon; not wielded)
  h - a +0 knife
  o - a +0 orcish dagger
  a - a +1 spear (weapon in right hand)
  j - a +1 long sword
 Armor    ('[')
  q - a cursed -2 helm of opposite alignment (being worn)
  s - a cursed -1 pair of gauntlets of fumbling (being worn)
  m - an uncursed +0 pair of high boots (being worn)
  c - an uncursed +3 small shield (being worn)
  r - an uncursed +0 studded leather armor (being worn)
 Comestibles  ('%')
  z - an uncursed tripe ration
  w - an uncursed egg
 Scrolls  ('?')
  l - an uncursed scroll of confuse monster
  k - 2 uncursed scrolls of light
  x - an uncursed scroll of magic mapping
 Spellbooks  ('+')
  u - an uncursed spellbook of blank paper
  p - an uncursed spellbook of cancellation
  i - an uncursed spellbook of detect food
 Potions  ('!')
  n - an uncursed potion of confusion
  g - 2 uncursed potions of healing
  f - an uncursed potion of object detection
  y - an uncursed potion of oil
  t - an uncursed potion of see invisible
  v - an uncursed potion of speed
 Tools    ('(')
  e - an uncursed oil lamp

2461479678 the Valkyrie's attributes:

Background:
 You were a Fighter, a level 6 human Valkyrie.
 You were chaotic, temporarily on a mission for Loki
 who was opposed by Tyr (lawful) and Odin (neutral).
 You were actually lawful.
 You were right-handed.
 You were in the Dungeons of Doom, on level 9.
 You entered the dungeon 4743 turns ago.
 You had 591 experience points, 49 more were needed to attain level 7.

Basics:
 You had 0 out of 61 hit points.
 You had all 13 energy points (spell power).
 Your armor class was 2.
 Your wallet contained 3 zorkmids.
 Autopickup was off.

Final Characteristics:
 Your strength was 18 (limit:18/100).
 Your dexterity was 9 (peak:11, limit:18).
 Your constitution was 18 (limit:18).
 Your intelligence was 10 (limit:18).
 Your wisdom was 8 (limit:18).
 Your charisma was 10 (limit:18).

Final Status:
 You fumbled.
 You were hungry.
 You were unencumbered.
 You were wielding a spear.
 You were skilled in spear.

Final Attributes:
 You were piously aligned.
 You were cold resistant.
 You were poison resistant.
 You were stealthy.
 You were warded.
 You are dead.

Miscellaneous:
 You didn't encounter any bones levels.
 Total elapsed playing time was 1 hour, 43 minutes and 28 seconds.

Major events:
 Turn
    1: 2461479678 the lawful human Valkyrie entered the dungeon
 1039: attained the rank of Skirmisher (level 3)
 3511: attained the rank of Fighter (level 6)
 4743: killed by a chameleon imitating a cobra, while frozen by a floating eye's gaze

You didn't know any spells.

Skills:
 Fighting Skills
   bare handed combat [Unskilled]
   two weapon combat  [Unskilled]
   riding             [Unskilled]
 Weapon Skills
   dagger             [Basic]
   axe                [Unskilled]
   pick-axe           [Unskilled]
   short sword        [Unskilled]
   broadsword         [Unskilled]
   long sword         [Unskilled]
   two-handed sword   [Unskilled]
   saber              [Unskilled]
   hammer             [Unskilled]
   quarterstaff       [Unskilled]
   polearms           [Unskilled]
   spear              [Skilled]
   trident            [Unskilled]
   lance              [Unskilled]
   sling              [Unskilled]
 Spellcasting Skills
   attack spells      [Unskilled]
   escape spells      [Unskilled]

Voluntary challenges:
 Character rerolling was not enabled.
 You never genocided any monsters.
 You never polymorphed an object.
 You never changed form.
 You used no wishes.
Achievements:
 You attained the rank of Skirmisher.
 You entered a shop.
 You attained the rank of Fighter.

 The Dungeons of Doom: levels 1 to 9
    Level 1:
    Level 2:
    Level 3:
       A general store, an altar to Loki, a fountain.
    Level 4:
       A fountain.
    Level 5:
       A grave.
    Level 6:
       Many fountains.
    Level 7:
       A fountain, a sink.
    Level 8:
       A fountain.
    Level 9: <- You were here.
       Final resting place for
          you, killed by a chameleon imitating a cobra, while frozen by a floating eye's gaze.


Vanquished creatures:
  a tengu
  a giant beetle
  4 wolves
  a winter wolf cub
  a dwarf mummy
  a lizard
  a blue jelly
  3 human zombies
  4 Mordor orcs
 an orc shaman
  a rock piercer
  3 violet fungi
  a gnomish wizard
  a kobold mummy
  a black naga hatchling
  3 elf zombies
  a paper golem
  a giant ant
  a floating eye
  a kitten
  a kobold shaman
  2 rabid rats
 an iguana
  4 coyotes
  a hobbit
  a hobgoblin
  a giant rat
  3 brown molds
  a red mold
  a gnome zombie
  7 geckos
  9 jackals
  a fox
  2 kobolds
  4 goblins
  7 grid bugs
  a bat
  2 lichens
  a kobold zombie
  4 newts
86 creatures vanquished.

No species were genocided or became extinct.

Game over:
                       ----------
                      /          \
                     /    REST    \
                    /      IN      \
                   /     PEACE      \
                  /                  \
                  |    2461479678    |
                  |       3 Au       |
                  |   killed by a    |
                  |    chameleon     |
                  |   imitating a    |
                  |      cobra       |
                  |       2026       |
                 *|     *  *  *      | *
        _________)/\\_//(\/(/\)/\//\/|_)_______

Farvel 2461479678 the Valkyrie...

You died in The Dungeons of Doom on dungeon level 9 with 2767 points,
and 3 pieces of gold, after 4743 moves.
You were level 6 with a maximum of 61 hit points when you died.

